 Dungeon Crawl Stone Soup version 0.28.0-53-g5a82cb258f (webtiles) character file.

Game seed: 15533092008258901140

2 SanguineChosen the Shield-Bearer (level 1, 0/14 HPs)
             Began as a Gargoyle Fighter on July 22, 2022.
             Slain by a quokka (2 damage)
             ... on level 1 of the Dungeon.
             The game lasted 00:00:11 (192 turns).

SanguineChosen the Shield-Bearer (Gargoyle Fighter)  Turns: 192, Time: 00:00:12

Health: 0/14       AC:  9    Str: 19    XL:     1   Next: 40%
Magic:  1/1        EV:  9    Int:  8    God:
Gold:   6          SH:  4    Dex:  9    Spells: 0/0 levels left

rFire   . . .      SeeInvis .   a - +0 flail
rCold   . . .      Faith    .   c - +0 buckler
rNeg    + . .      Spirit   .   b - +0 scale mail
rPois   ∞          Reflect  .   (no helmet)
rElec   +          Harm     .   (no cloak)
rCorr   .          Rampage  .   (no gloves)
Will    .....                   (no boots)
Stlth   ..........              (no amulet)
HPRegen 0.04/turn               (no ring)
MPRegen 0.07/turn               (no ring)

@: no status effects
A: sickness immunity, AC +2, negative energy resistance 1, electricity
resistance, torment resistance 1, petrification resistance
a: no special abilities


You were on level 1 of the Dungeon.
You visited 1 branch of the dungeon, and saw 1 of its levels.

You collected 6 gold pieces.

Inventory:

Hand Weapons
 a - a +0 flail (weapon)
Armour
 b - a +0 scale mail (worn)
 c - a +0 buckler (worn)
Potions
 d - a potion of might
 e - a potion of ambrosia {unknown}


   Skills:
 + Level 3.3 Fighting
 + Level 2.0 Maces & Flails
 + Level 3.3 Armour
 + Level 3.3 Shields


You couldn't memorise any spells.
You didn't know any spells.
Your spell library was empty.

Dungeon Overview and Level Annotations

Branches:
Dungeon (1/15)

Altars:


Innate Abilities, Weirdness & Mutations

You are immune to sickness and miasma.
Your stone body is resilient. (AC +2)
You are immune to poison.
You resist negative energy. (rN+)
You are resistant to electric shocks. (rElec)
You are resistant to unholy torment.
You are immune to petrification.


Message History

You open the door.
There is an open door here.
You now have 6 gold pieces.
e - a glowing dark potion A goblin comes into view.
It is wielding a +0 dagger.
The goblin shouts!
A ball python, a goblin and a rat come into view.
The goblin shouts!
You hit the goblin but do no damage. You block the goblin's attack.
The rat bites you but does no damage. The goblin hits you but does no damage.
A quokka comes into view.
You barely miss the goblin. The rat bites you but does no damage.
The goblin hits you but does no damage.
You hit the goblin.
You kill the goblin!
The rat bites you. You block the quokka's attack. The rat barely misses you.
You closely miss the goblin. The quokka barely misses you.
The goblin hits you with a +0 club. The rat bites you but does no damage.
The quokka closely misses you.
You barely miss the goblin. The goblin hits you but does no damage.
The rat misses you. The quokka barely misses you.
You closely miss the goblin. You block the goblin's attack.
The rat barely misses you. The quokka bites you. The quokka barely misses you.
The rat barely misses you. The goblin hits you but does no damage.
You are too injured to fight recklessly!
You are too injured to fight recklessly!
You are too injured to fight recklessly!
You are too injured to fight recklessly!
You are too injured to fight recklessly!
The goblin hits you but does no damage.
The quokka bites you but does no damage.
The rat twitches its whiskers.
You block the quokka's attack. The quokka closely misses you.
The quokka barely misses you. The quokka bites you.
* * * LOW HITPOINT WARNING * * *
You hit the quokka.
The quokka is moderately wounded.
The quokka bites you.
You die...

############.#.......r......
########.# #.######.#.#.#.#.
.........# #.######r#S#
########.# #.#..g...#.#
#....#.###.###r####.#
#.##.#.....# #.# .#
#.##.####### #S# .# #.##.#
#r# .. #.##.# #@# ###.##.#
#.# ....##.#########.#
######...........#
#############


You could see a quokka, a goblin, a ball python and a rat.

Vanquished Creatures
  A goblin (D:1)
  A bat (D:1)
  A rat (D:1)
3 creatures vanquished.

Notes
Turn   | Place    | Note
-------+----------+-------------------------------------------
     0 | D:1      | SanguineChosen the Gargoyle Fighter began the quest for the
                  | Orb.
     0 | D:1      | Reached XP level 1. HP: 14/14 MP: 1/1
   192 | D:1      | Slain by a quokka

Illustrated notes

Levels and vault maps discovered:
D:1:      dpeg_arrival_pond, layout_basic

Action                   || total
-------------------------++-------
Melee: Flail             ||     9
Armor: Scale mail        ||    10
Dodge: Dodged            ||    10
Block: Buckler           ||     4
